 Dungeon Crawl Stone Soup version 0.17-a0-896-g249456b (webtiles) character file.

151563 FedoraBrony69 the Tortoise (level 17, 21/158 HPs)
             Began as a Minotaur Berserker on May 1, 2015.
             Was the Champion of Trog.
             Quit the game on level 3 of the Elven Halls.
             The game lasted 01:32:11 (30666 turns).

FedoraBrony69 the Tortoise (Minotaur Berserker)    Turns: 30666, Time: 01:32:11

Health: 21/158     AC: 30    Str: 27    XL:     17   Next: 1%
Magic:  16/16      EV: 13    Int:  8    God:    Trog [******]
Gold:   1936       SH: 17    Dex:  9    Spells: 0 memorised, 16 levels left

rFire  + + +     SeeInvis .     l - +8 flail of the Evening {venom, rC- rN++}
rCold  . . .     Clarity  +     W - +2 chain mail {rF+}
rNeg   + + .     SustAb   .     Y - +2 shield of Resistance {rF+ rC+ MR+}
rPois  +         Gourm    .     (helmet unavailable)
rElec  .         Spirit   .     I - +0 cloak (curse)
rCorr  .         Warding  .     k - +2 pair of gloves
rMut   .         Stasis   .     G - +2 pair of boots {rF+}
MR     +++..                    v - amulet of clarity
Stlth  ..........               S - +4 ring of intelligence
                                r - ring of poison resistance

@: drained, extremely resistant to hostile enchantments, extremely unstealthy
A: retaliatory headbutt, horns 3, rough black scales 1, clumsy 1, magic
resistance 1, wild magic 1, no device heal 1
a: Burn Spellbooks, Berserk, Trog's Hand, Brothers in Arms, Renounce Religion


You were on level 3 of the Elven Halls.
You worshipped Trog.
Trog was exalted by your worship.
You were hungry.

You visited 6 branches of the dungeon, and saw 27 of its levels.
You also visited: Ice Cave and Volcano.

You collected 2685 gold pieces.
You spent 749 gold pieces at shops.

Inventory:

Hand weapons
 l - the +8 flail of the Evening (weapon) {venom, rC- rN++}
   (Trog gifted it to you on level 4 of the Orcish Mines)

   It poisons the flesh of those it strikes.
   It makes you vulnerable to cold.
   It greatly protects you from negative energy.
 y - a +3 antimagic demon whip
Armour
 k - a +2 pair of gloves (worn)
 G - a +2 pair of boots of fire resistance (worn)
 I - a cursed +0 cloak (worn)
 N - a +0 cloak of invisibility
 W - a +2 chain mail of fire resistance (worn)
 Y - the +2 shield of Resistance (worn) {rF+ rC+ MR+}
   (You took it off a necromancer in an ice cave)

   It protects you from fire.
   It protects you from cold.
   It affects your resistance to hostile enchantments.
Jewellery
 a - an uncursed ring of sustain abilities
 h - an uncursed ring of protection from magic {unknown}
 r - a ring of poison resistance (left hand)
 v - an amulet of clarity (around neck)
 A - an uncursed amulet of stasis
 M - an uncursed ring of positive energy {unknown}
 S - a +4 ring of intelligence (right hand)
Magical devices
 j - a wand of fireball (9)
 m - a wand of digging (5)
 o - a wand of paralysis (14)
 z - a wand of random effects (24)
 H - a wand of teleportation (7)
Scrolls
 f - 16 scrolls of remove curse
 g - 12 scrolls of teleportation
 i - a scroll of enchant weapon
 n - 2 scrolls of magic mapping
 p - 7 scrolls of fear
 J - a scroll of recharging {unknown}
 U - 4 scrolls of fog
Potions
 b - 7 potions of might
 e - 7 potions of curing
 q - a potion of invisibility
 t - a potion of beneficial mutation {unknown}
 u - 5 potions of agility
 x - 3 potions of flight
 B - a potion of berserk rage
 C - a potion of heal wounds
 L - 2 potions of cure mutation
 P - 3 potions of resistance
Books
 E - a book of Beasts

   Spells                             Type                      Level
   a - Summon Butterflies             Summoning                    1
   b - Call Canine Familiar           Summoning                    3
   c - Summon Ice Beast               Ice/Summoning                4
   d - Summon Mana Viper              Hexes/Summoning              5
   e - Monstrous Menagerie            Summoning                    6
   f - Summon Hydra                   Summoning                    7
   Trog disapproves of the use of such an item.
Comestibles
 c - 14 bread rations
 d - 10 beef jerkies
 s - 18 fruits
 D - 4 chunks of flesh
 F - 15 royal jellies
 K - 7 meat rations


   Skills:
 + Level 16.0(15.8) Fighting
 - Level 17.0(16.9) Maces & Flails
 * Level 18.6(18.5) Armour
 + Level 10.3(10.2) Dodging
 + Level 17.0(16.8) Shields


You had 16 spell levels left.
You didn't know any spells.

Dungeon Overview and Level Annotations

Branches:
Dungeon (10/15)            Temple (1/1) D:7            Lair (8/8) D:9
 Shoals (0/4) Lair:3        Snake (1/4) Lair:5        Slime (0/6) Lair:7
    Orc (4/4) D:10            Elf (3/3) Orc:3

Altars:
Ashenzari
Cheibriados
Dithmenos
Elyvilon
Fedhas
Gozag
Kikubaaqudgha
Makhleb
Nemelex Xobeh
Okawaru
Qazlal
Ru
Sif Muna
Trog
Vehumet
Xom
Yredelemnul
Zin
The Shining One

Shops:
D:4 [(?:   D:5 *   D:9 *   Orc:1 [*   Orc:4 =*%}   Elf:2 [

Portals:
Hell: Lair:8


Innate Abilities, Weirdness & Mutations

You reflexively headbutt those who attack you in melee.
You have a pair of large horns on your head.
You are partially covered in rough black scales (AC +4, Dex -1).
You are clumsy. (Dex -2)
You are resistant to hostile enchantments.
Your spells are a little harder to cast, but a little more powerful.
Potions and wands are less effective at restoring your health.


Message History

The Executioner hits you but does no damage. x2
You block the Executioner's attack. The Executioner closely misses you.
The Executioner hits you but does no damage.
You block the Executioner's attack.
The deep elf annihilator gestures wildly while chanting.
The deep elf annihilator blinks!
The deep elf annihilator gestures wildly while chanting.
The deep elf annihilator blinks!
The Executioner hits you.
* * * LOW HITPOINT WARNING * * *
The Executioner barely misses you. The Executioner misses you.
The deep elf annihilator mumbles some strange words.
The deep elf annihilator blinks!
You block the Executioner's attack. You block the Executioner's attack.
The Executioner hits you but does no damage.
You block the Executioner's attack.
The Executioner hits you but does no damage. x2
The blue devil hits you!
* * * LOW HITPOINT WARNING * * *
Are you sure you want to abandon this character and quit the game? (Confirm with "yes".)

#...#........#......##**,,,,,,,
#...#........#.....##**,,,,,,,,
#...##########.....#**,,,,,,,,,
#.................##*,,,,,,,,,,
#.................#**,,,,,,,,,,
#................##*,,,.,,*****
#...###'######...#**,,...**,,,,
#)..#........#...#*,,...#*,,,,*
#...#........#@1.#*e...#*,,,,**
#...#........#e4e##e...#*+****,
#.)<'........#..((*e...#,,,***,
#...#........#...##42.....,*,+,
#...#........#...#*,.....⌠,*,*,
#...#........#...#*,,....,,*,**
#...#........#...#*,,,...,,*,,*
#...#........#...#**,,,.,,,*,,,
#...#........#...##*,,,,,,,*,,,


You could see a deep elf death mage, an Executioner, a hellion, 2 blue devils, a
deep elf fighter and a deep elf mage.

Vanquished Creatures
  A deep elf master archer (Elf:3)
  A greater naga (Snake:1)
  Aizul (Snake:1)
  A stone giant (Orc:4)
  3 deep elf demonologists
  3 deep elf annihilators
  2 deep elf death magi
  2 deep elf high priests (Elf:1)
  The ghost of dontdoit the Basher, a powerful TrBe of Trog (Volcano)
  Fannar (Lair:3)
  6 hydras
  A naga warrior (Snake:1)
  14 dancing weapons (Elf:2)
  3 anacondas (Snake:1)
  7 death yaks
  4 ogre magi (Orc:4)
  A shock serpent (Snake:1)
  2 small abominations
  2 naga sharpshooters (Snake:1)
  26 deep elf knights
  A sun demon (Lair:8)
  2 ice devils (IceCv)
  The ghost of chequers the Bludgeoner, an experienced MiFi of Okawaru (D:9)
  The ghost of chequers the Basher, an experienced MiFi of Makhleb (D:8)
  14 deep elf summoners
  An unseen horror (D:10)
  2 naga ritualists (Snake:1)
  3 ice statues (IceCv)
  4 lindwurms (Lair:3)
  A wizard (Lair:8)
  2 hill giants (D:10)
  14 deep elf conjurers
  A necromancer (IceCv)
  2 mana vipers (Snake:1)
  An oklob plant (Lair:7)
  16 elephants
  Maurice (Orc:4)
  13 spiny frogs
  9 black mambas
  2 sixfirhies
  2 torpor snails
  Psyche (D:8)
  7 fire drakes
  A smoke demon (Lair:8)
  8 blue devils
  13 komodo dragons
  21 deep elf priests
  A red devil (Lair:8)
  A polar bear (Lair:2)
  A queen bee (D:10)
  17 blink frogs
  A boulder beetle (Lair:7)
  12 two-headed ogres
  A redback (Elf:3)
  A spriggan (shapeshifter) (Elf:3)
  Sigmund (D:4)
  26 deep elf magi
  A wyvern (Lair:8)
  36 deep elf fighters
  35 yaks
  3 wraiths (D:10)
  2 basilisks
  6 hippogriffs
  2 wargs
  4 vampire mosquitoes (Lair:1)
  Menkaure (D:5)
  A tarantella (Elf:1)
  15 wolves
  2 insubstantial wisps (Lair:1)
  13 water moccasins
  12 orc warriors
  13 porcupines
  9 nagas
  2 hell hounds (Lair:8)
  6 ice beasts
  21 ogres
  A tengu (shapeshifter) (Elf:3)
  2 phantoms
  A sky beast (D:10)
  5 boring beetles
  10 crocodiles
  6 centaurs
  A wasp (D:9)
  12 giant frogs
  Blork the orc (D:4)
  2 scorpions
  31 killer bees
  An electric eel (D:10)
  5 crimson imps
  4 hounds
  A centaur skeleton (D:4)
  2 centaur zombies
  A giant frog zombie (D:8)
  A quasit (D:10)
  11 orc priests
  A giant frog skeleton (D:8)
  3 jellies
  24 orc wizards
  13 iguanas
  7 worker ants
  Natasha (twice) (D:4)
  3 spriggan simulacra (IceCv)
  7 hell rats
  2 troll simulacra (IceCv)
  19 sheep
  2 centaur simulacra (IceCv)
  A hound skeleton (D:6)
  9 gnolls
  13 adders
  52 river rats
  3 ogre simulacra (IceCv)
  A shadow imp (D:8)
  12 white imps (Lair:3)
  5 oozes
  An adder skeleton (D:6)
  7 giant geckos
  125 orcs
  A bat skeleton (D:6)
  33 hobgoblins
  11 jackals
  3 quokkas
  14 bats
  9 giant cockroaches
  A giant gecko zombie (D:6)
  6 giant newts
  31 goblins
  15 kobolds
  A quokka skeleton (D:9)
  11 rats
  6 ballistomycetes (D:8)
  A crawling corpse (Elf:1)
  A fungus (Lair:8)
1026 creatures vanquished.

Vanquished Creatures (collateral kills)
  Louise (Elf:3)
  Nessos (Lair:6)
  A dire elephant (Lair:8)
  A deep elf death mage (Elf:3)
  Erica (Elf:3)
  4 dancing weapons (Elf:2)
  An anaconda (Snake:1)
  A naga sharpshooter (Snake:1)
  2 deep elf knights
  2 deep elf summoners (Elf:2)
  2 deep elf conjurers (Elf:2)
  A naga mage (Snake:1)
  2 orange demons (Lair:8)
  3 two-headed ogres (Orc:4)
  2 blue devils (Lair:8)
  A red devil (Lair:8)
  2 blink frogs (Lair:5)
  3 deep elf magi
  2 deep elf fighters (Elf:2)
  3 yaks (Lair:5)
  8 ogres (Orc:4)
  4 hell rats (Lair:5)
  2 crawling corpses (Elf:2)
50 creatures vanquished.

Vanquished Creatures (others)
  A dancing weapon (Elf:2)
  3 trolls
  2 deep elf fighters (Elf:1)
  A hog (Volcano)
  2 lost souls
  An ogre (Orc:4)
  A centaur (Volcano)
  A giant spore (D:8)
  15 fungi
  3 plants (Lair:8)
30 creatures vanquished.

Grand Total: 1106 creatures vanquished

Notes
Turn   | Place    | Note
--------------------------------------------------------------
     0 | D:1      | FedoraBrony69, the Minotaur Berserker, began the quest for the Orb.
     0 | D:1      | Reached XP level 1. HP: 19/19 MP: 0/0
   290 | D:1      | Reached skill level 4 in Maces & Flails
   428 | D:1      | Reached XP level 2. HP: 25/27 MP: 1/1
   675 | D:2      | Acquired Trog's second power
   756 | D:2      | Reached XP level 3. HP: 31/34 MP: 2/2
   957 | D:2      | Reached skill level 5 in Fighting
   957 | D:2      | Reached XP level 4. HP: 31/42 MP: 3/3
   961 | D:2      | Reached skill level 5 in Maces & Flails
  1257 | D:2      | Found a sacrificial altar of Ru.
  1439 | D:3      | Found an ancient bone altar of Kikubaaqudgha.
  1619 | D:3      | Reached XP level 5. HP: 48/48 MP: 4/4
  2230 | D:4      | Noticed Blork the orc
  2239 | D:4      | Killed Blork the orc
  2239 | D:4      | Reached skill level 1 in Shields
  2268 | D:4      | Noticed Natasha
  2273 | D:4      | Killed Natasha
  2322 | D:4      | Reached skill level 6 in Maces & Flails
  2322 | D:4      | Reached XP level 6. HP: 40/56 MP: 5/5
  2338 | D:4      | Found Cikont's Antique Weapon Emporium.
  2357 | D:4      | Found Awigrusm's Antique Armour Shop.
  2383 | D:4      | Bought a pair of runed boots for 108 gold pieces
  2409 | D:4      | Found Yczosop's Magic Scroll Shoppe.
  2418 | D:4      | Found a bloodstained altar of Trog.
  2441 | D:4      | Bought a scroll of identify for 26 gold pieces
  2441 | D:4      | Bought a scroll of identify for 26 gold pieces
  2441 | D:4      | Bought a scroll of teleportation for 39 gold pieces
  2441 | D:4      | Bought a scroll of remove curse for 39 gold pieces
  2519 | D:4      | Noticed Sigmund
  2535 | D:4      | Killed Sigmund
  2808 | D:4      | Found Kegofud's Book Boutique.
  2809 | D:4      | Noticed Natasha
  2813 | D:4      | Reached XP level 7. HP: 58/62 MP: 6/6
  2819 | D:4      | Killed Natasha
  3042 | D:4      | Acquired Trog's third power
  3376 | D:5      | Entered Level 5 of the Dungeon
  3384 | D:5      | Reached skill level 7 in Maces & Flails
  3388 | D:5      | Noticed Menkaure
  3396 | D:5      | Killed Menkaure
  3766 | D:5      | Reached skill level 5 in Shields
  4141 | D:5      | Found Mexkofav's Assorted Antiques.
  4152 | D:5      | Bought a bubbling yellow potion for 18 gold pieces
  4152 | D:5      | Bought 2 bubbling yellow potions for 37 gold pieces
  4350 | D:5      | Reached skill level 5 in Armour
  4350 | D:5      | Reached XP level 8. HP: 69/71 MP: 7/7
  4578 | D:6      | Reached skill level 8 in Maces & Flails
  5347 | D:7      | Reached skill level 9 in Maces & Flails
  5423 | D:7      | Reached XP level 9. HP: 79/79 MP: 8/8
  5636 | D:7      | Received a gift from Trog
  5786 | D:7      | Found a staircase to the Ecumenical Temple.
  5849 | D:7      | Found a shadowy altar of Dithmenos.
  6231 | D:7      | Reached skill level 10 in Maces & Flails
  6397 | D:8      | Found an opulent altar of Gozag.
  6398 | D:8      | Found a sparkling altar of Nemelex Xobeh.
  6499 | D:8      | Noticed chequers's ghost (experienced MiFi)
  6519 | D:8      | Killed chequers's ghost
  6590 | D:8      | Noticed Psyche
  6597 | D:8      | Killed Psyche
  6729 | D:8      | Found a basalt altar of Yredelemnul.
  6732 | D:8      | Found a burning altar of Makhleb.
  6861 | D:8      | Reached XP level 10. HP: 88/88 MP: 9/9
  7283 | Temple   | Entered the Ecumenical Temple
  7629 | D:9      | Noticed chequers's ghost (experienced MiFi)
  7642 | D:9      | Killed chequers's ghost
  7642 | D:9      | Reached skill level 11 in Maces & Flails
  7818 | D:9      | Reached skill level 10 in Shields
  8037 | D:9      | Found a deep blue altar of Sif Muna.
  8188 | D:9      | Found a staircase to the Lair.
  8248 | D:9      | Found Uwnogaiv's General Store.
  8568 | Lair:1   | Entered Level 1 of the Lair of Beasts
  8736 | Lair:1   | Reached skill level 12 in Maces & Flails
  9090 | Lair:1   | Noticed a black mamba
  9102 | Lair:1   | Killed a black mamba
  9111 | Lair:1   | Reached XP level 11. HP: 38/97 MP: 10/10
 10344 | Lair:2   | Reached skill level 13 in Maces & Flails
 10373 | Lair:2   | Received a gift from Trog
 11005 | Lair:3   | Found a frozen archway.
 11056 | IceCv    | Entered an ice cave
 11118 | IceCv    | Noticed an ice devil
 11121 | IceCv    | Noticed an ice statue
 11121 | IceCv    | Noticed an ice statue
 11140 | IceCv    | Killed an ice devil
 11281 | IceCv    | Killed an ice statue
 11319 | IceCv    | Killed an ice statue
 11319 | IceCv    | Reached skill level 10 in Fighting
 11532 | IceCv    | Noticed an ice devil
 11616 | IceCv    | Noticed an ice statue
 11636 | IceCv    | Killed an ice statue
 11751 | IceCv    | Noticed a necromancer
 11765 | IceCv    | Killed a necromancer
 11765 | IceCv    | Reached skill level 10 in Armour
 11782 | IceCv    | Reached XP level 12. HP: 40/106 MP: 11/11
 11888 | IceCv    | Reached skill level 14 in Maces & Flails
 12060 | IceCv    | Killed an ice devil
 12076 | IceCv    | Got a shimmering scale mail
 12091 | IceCv    | Got a jewelled scale mail
 12102 | IceCv    | Identified the +1 scale mail of Decompression {Str-3 Dex+5} (You found it in an ice cave)
 12112 | IceCv    | Identified the cursed +0 scale mail of Lugonu's Vengeance {-Tele rF+ Stlth+} (You found it in an ice cave)
 12257 | Lair:3   | Noticed a four-headed hydra
 12271 | Lair:3   | Killed a four-headed hydra
 12533 | Lair:3   | Found a staircase to the Shoals.
 12535 | Lair:3   | Noticed Fannar
 12594 | Lair:3   | Killed Fannar
 12965 | Lair:3   | Noticed a lindwurm
 12965 | Lair:3   | Noticed a lindwurm
 12966 | Lair:3   | Noticed a lindwurm
 12966 | Lair:3   | Noticed a lindwurm
 12981 | Lair:3   | Killed a lindwurm
 12988 | Lair:3   | Killed a lindwurm
 12994 | Lair:3   | Killed a lindwurm
 13001 | Lair:3   | Killed a lindwurm
 13257 | Lair:4   | Noticed a six-headed hydra
 13271 | Lair:4   | Killed a six-headed hydra
 13313 | Lair:4   | Found a dark tunnel.
 13418 | Volcano  | Entered a volcano
 13431 | Volcano  | Noticed dontdoit's ghost (powerful TrBe)
 13467 | Volcano  | Killed dontdoit's ghost
 13717 | Lair:4   | Received a gift from Trog
 13826 | Lair:4   | Reached skill level 15 in Maces & Flails
 14592 | D:5      | Bought a bronze ring for 105 gold pieces
 14592 | D:5      | Bought a bubbling yellow potion for 18 gold pieces
 14592 | D:5      | Bought a notched glass ring for 105 gold pieces
 14592 | D:5      | Bought a scroll of identify for 42 gold pieces
 15187 | Lair:5   | Reached XP level 13. HP: 101/116 MP: 12/12
 15250 | Lair:5   | Found a staircase to the Snake Pit.
 16059 | Lair:6   | Noticed Nessos
 16072 | Lair:6   | Killed Nessos
 16176 | Lair:6   | Received a gift from Trog
 16611 | Lair:7   | Reached skill level 15 in Shields
 16817 | Lair:7   | Found a shimmering altar of Xom.
 16950 | Lair:7   | Found a staircase to the Slime Pits.
 17110 | Lair:7   | Reached skill level 16 in Maces & Flails
 17872 | Lair:8   | Entered Level 8 of the Lair of Beasts
 18212 | Lair:8   | Reached XP level 14. HP: 36/127 MP: 13/13
 18223 | Lair:8   | Received a gift from Trog
 19833 | Lair:8   | Reached skill level 17 in Maces & Flails
 19890 | Lair:8   | Noticed a dire elephant
 19909 | Lair:8   | Killed a dire elephant
 20249 | Lair:8   | Found a burning altar of Makhleb.
 20288 | Lair:8   | Found a gateway to Hell.
 20656 | D:10     | Entered Level 10 of the Dungeon
 20829 | D:10     | Received a gift from Trog
 21256 | D:10     | Gained mutation: Your spells are a little harder to cast, but a little more powerful. [mutagenic meat]
 21257 | D:10     | Gained mutation: You have a pair of large horns on your head. [mutagenic meat]
 21258 | D:10     | Gained mutation: You are resistant to hostile enchantments. [mutagenic meat]
 21259 | D:10     | Gained mutation: You are clumsy. (Dex -2) [mutagenic meat]
 21260 | D:10     | Gained mutation: You are partially covered in rough black scales (AC +4, Dex -1). [mutagenic meat]
 21533 | D:10     | Found a staircase to the Orcish Mines.
 21609 | Orc:1    | Entered Level 1 of the Orcish Mines
 21768 | Orc:2    | Received a gift from Trog
 22292 | Orc:3    | Found a staircase to the Elven Halls.
 22700 | Orc:1    | Found Agoam's Assorted Antiques.
 22744 | Orc:1    | Found Ivuam's Antique Armour Shop.
 22756 | Orc:1    | Bought a pair of embroidered gloves for 108 gold pieces
 22969 | Orc:4    | Entered Level 4 of the Orcish Mines
 22981 | Orc:4    | Received a gift from Trog
 22988 | Orc:4    | Got a warped flail {god gift}
 22989 | Orc:4    | Identified the +8 flail of the Evening {venom, rC- rN++} (Trog gifted it to you on level 4 of the Orcish Mines)
 23167 | Orc:4    | Found Faymef's Gadget Shoppe.
 23188 | Orc:4    | Found Foydur's Assorted Antiques.
 23188 | Orc:4    | Found Fidiep's Food Shop.
 23191 | Orc:4    | Reached skill level 5 in Dodging
 23243 | Orc:4    | Found Tighoc's Jewellery Emporium.
 23259 | Orc:4    | Bought a cursed amulet of inaccuracy for 24 gold pieces
 23259 | Orc:4    | Bought a cursed ring of loudness for 54 gold pieces
 23306 | Orc:4    | Noticed Maurice
 23341 | Orc:4    | Killed Maurice
 23341 | Orc:4    | Reached XP level 15. HP: 121/136 MP: 14/14
 23433 | Orc:4    | Received a gift from Trog
 23788 | Snake:1  | Entered Level 1 of the Snake Pit
 23788 | Snake:1  | Noticed Aizul
 23811 | Snake:1  | Killed Aizul
 24330 | Snake:1  | Noticed a greater naga
 24347 | Snake:1  | Killed a greater naga
 24667 | Snake:1  | Reached skill level 15 in Armour
 24686 | Snake:1  | HP: 3/138 [anaconda (9)]
 25335 | Elf:1    | Entered Level 1 of the Elven Halls
 25667 | Elf:1    | Received a gift from Trog
 26841 | Elf:2    | Found a runed door.
 26879 | Elf:2    | Found a runed door.
 26901 | Elf:2    | Reached XP level 16. HP: 134/147 MP: 15/15
 26903 | Elf:2    | Received a gift from Trog
 26968 | Elf:2    | Reached skill level 15 in Fighting
 27075 | Elf:2    | Found Olimelukh's Armour Shoppe.
 27289 | Elf:2    | HP: 2/149 [lajatang of freezing (16)]
 28098 | Elf:2    | Received a gift from Trog
 28976 | Elf:2    | Reached skill level 18 in Armour
 29181 | Elf:3    | Entered Level 3 of the Elven Halls
 29878 | Elf:3    | Reached skill level 10 in Dodging
 30078 | Elf:3    | Gained mutation: Potions and wands are less effective at restoring your health. [mutagenic meat]
 30104 | Elf:3    | Noticed Louise
 30118 | Elf:3    | Noticed Erica
 30125 | Elf:3    | Killed Erica
 30129 | Elf:3    | Killed Louise
 30632 | Elf:3    | Noticed a deep elf master archer
 30646 | Elf:3    | Noticed an Executioner
 30651 | Elf:3    | Killed a deep elf master archer
 30656 | Elf:3    | Killed a ghostly deep elf master archer
 30656 | Elf:3    | Reached XP level 17. HP: 103/158 MP: 16/16
 30666 | Elf:3    | Quit the game

Action                   |  1- 3 |  4- 6 |  7- 9 | 10-12 | 13-15 | 16-18 || total
-------------------------+-------+-------+-------+-------+-------+-------++-------
Melee: Mace              |    85 |   151 |   112 |       |       |       ||   348
       Flail             |       |       |   288 |  1033 |  1662 |   493 ||  3476
       Whip              |       |       |    20 |       |       |       ||    20
       Trident           |       |       |       |       |    10 |       ||    10
       Demon whip        |       |       |       |       |   116 |       ||   116
Invok: Berserk           |     1 |       |     4 |     4 |     7 |     1 ||    17
       Trog's Hand       |       |       |     1 |     4 |     7 |     4 ||    16
       Brothers in Arms  |       |       |       |     1 |     5 |     5 ||    11
Evoke: Wand              |       |       |     2 |       |     1 |       ||     3
  Use: Scroll            |       |     6 |     1 |    23 |     5 |     5 ||    40
       Potion            |       |       |       |     1 |     2 |       ||     3
  Eat: Chunk             |       |     7 |    18 |    25 |    48 |    17 ||   115
       Pizza             |       |       |       |     4 |       |       ||     4
       Beef jerky        |       |       |       |     1 |     3 |       ||     4
